 Dungeon Crawl Stone Soup version 0.27-a0-1590-g15f69828bf (webtiles) character file.

Game seed: 7748210233963374294

100 Demosthentine the Poker (level 4, 0/35 HPs)
             Began as a Merfolk Gladiator on July 19, 2021.
             Killed by nerve-wracking pain
             ... invoked by Grinder
              (13 damage)
             ... on level 3 of the Dungeon.
             The game lasted 00:01:15 (1826 turns).

Demosthentine the Poker (Merfolk Gladiator)         Turns: 1826, Time: 00:01:15

Health: 0/35       AC:  4    Str: 15    XL:     4   Next: 73%
Magic:  4/4        EV: 13    Int:  7    God:
Gold:   75         SH:  0    Dex: 15    Spells: 3/3 levels left

rFire    . . .     SeeInvis .   a - +0 trident
rCold    . . .     Faith    .   (no shield)
rNeg     . . .     Spirit   .   b - +0 leather armour
rPois    .         Reflect  .   c - +0 helmet
rElec    .         Harm     .   (no cloak)
rCorr    .         Rampage  .   (no gloves)
Will     .....                  (no boots)
Stlth    +.........             h - amulet of regeneration
HPRegen  1.11/turn              (no ring)
MPRegen  0.09/turn              (no ring)

@: no status effects
A: (nimble swimmer 2), mertail
a: no special abilities


You were on level 3 of the Dungeon.
You visited 1 branch of the dungeon, and saw 3 of its levels.

You collected 75 gold pieces.

Inventory:

Hand Weapons
 a - a +0 trident (weapon)
Missiles
 d - 2 throwing nets (quivered)
Armour
 b - a +0 leather armour (worn)
 c - a +0 helmet (worn)
Jewellery
 h - an amulet of regeneration (around neck)
Scrolls
 f - 2 scrolls of identify
 i - a scroll of teleportation
Potions
 e - 2 potions of curing {unknown}
 g - a potion of brilliance
 j - a potion of attraction {unknown}


   Skills:
 + Level 3.1 Fighting
 + Level 5.4 Polearms
 - Level 2.0 Throwing
 + Level 1.3 Armour
 + Level 4.9 Dodging


You had 3 spell levels left.
You didn't know any spells.
Your spell library contained the following spells:

 Spells                   Type           Power      Damage    Failure   Level
 Magic Dart               Conj           0%         1d3       50%         1
 Call Imp                 Summ           0%         N/A       65%         2
 Mephitic Cloud           Conj/Pois/Air  0%         N/A       86%         3


Dungeon Overview and Level Annotations

Branches:
Dungeon (3/15)

Altars:
Wu Jian

Annotations:
D:3 Grinder


Innate Abilities, Weirdness & Mutations

((You are quick and stealthy near water. (Stealth+, EV+, Speed+++)))
Your lower body shifts to a powerful aquatic tail in water.


Message History

The orc closely misses you. x2
You puncture the orc!
You kill the orc!
The orc misses you.
You reach to attack!
You hit the orc.
The orc is heavily wounded.
The orc misses you.
You reach to attack!
You puncture the orc!
You kill the orc!
Grinder comes into view.
Found a pair of boots.
Things that are here:
a +0 trident; a +0 ring mail Grinder is nearby!
Grinder blinks!
An orc comes into view.
It is wielding a +0 club and quivering poisoned darts.
There are monsters nearby!
The orc shouts!
There are monsters nearby!
You reach to attack!
You puncture Grinder!
Grinder is moderately wounded.
You barely miss Grinder.
Grinder is moderately wounded.
Grinder barely misses you.
You barely miss Grinder.
Grinder is moderately wounded.
Grinder hits you.
You writhe in agony.
You hit Grinder but do no damage.
Grinder is moderately wounded.
Grinder hits you.
You writhe in agony.
Unknown command.
You hit Grinder.
Grinder is moderately wounded.
Grinder hits you!
You writhe in agony.
You are too injured to fight recklessly!
Unknown command.
The orc throws a poisoned dart.
The poisoned dart closely misses you. Grinder gestures at you.
Pain shoots through your body!
You die...

#### ### ... ...# #
#######.###.#.#
#.#.......#......
#................
#.#.....#.o......
#.###.....5..###
########.#....)@....[...
..........#...)...#......
..........##..........##.
..................#.#...
.........########.#.#.##.
##. .....<..........#.# .
. ... .........######.#.#
# # ###..### .........#
.. .........
.........######
##.##.#....


You could see Grinder and an orc.

Vanquished Creatures
  An iguana (D:2)
  An orc wizard (D:2)
  A worm (D:2)
  A dart slug (D:2)
  5 orcs
  5 endoplasms
  2 giant cockroaches
  3 goblins (D:2)
  5 hobgoblins
  2 quokkas
  A ball python (D:2)
  5 bats
  A frilled lizard (D:1)
  3 kobolds (D:2)
  2 rats (D:2)
38 creatures vanquished.

Notes
Turn   | Place    | Note
-------+----------+-------------------------------------------
     0 | D:1      | Demosthentine the Merfolk Gladiator began the quest for the
                  | Orb.
     0 | D:1      | Reached XP level 1. HP: 16/16 MP: 1/1
   482 | D:1      | Reached XP level 2. HP: 23/23 MP: 2/2
  1006 | D:2      | Reached skill level 5 in Polearms
  1006 | D:2      | Reached skill level 1 in Armour
  1006 | D:2      | Reached XP level 3. HP: 9/28 MP: 3/3
  1286 | D:2      | Reached XP level 4. HP: 32/35 MP: 4/4
  1756 | D:3      | Found an ornate altar of the Wu Jian Council.
  1816 | D:3      | Noticed Grinder
  1826 | D:3      | Killed from afar by Grinder

Illustrated notes

Levels and vault maps discovered:
D:1:      minmay_arrival_nine_rooms, layout_basic, st_stairs_5
D:2:      layout_loops_ring, grunt_decor_mini_mirrors, minmay_tiny_reverse_x
D:3:      layout_basic, nicolae_wu_jian_wuxing_cycle,
          nicolae_overflow_hidden_temple, mainiacjoe_overflow_large_starburst,
          uniq_grinder

Skill      XL: |  1  2  3 |
---------------+----------+-----
Polearms       | 5 |  5.4
Armour         | 1 |  1.3
Fighting       | 3 |  3.1
Throwing       | |  2.0
Dodging        | |  4.9

Action                   |  1- 3 |  4- 6 || total
-------------------------+-------+-------++-------
Melee: Trident           |   114 |    66 ||   180
Throw: Throwing net      |     2 |       ||     2
  Use: Scroll            |       |     4 ||     4
 Stab: Sleeping          |     1 |     1 ||     2
       Held in net/web   |     1 |       ||     1
Armor: Leather armour    |    17 |    13 ||    30
Dodge: Dodged            |    49 |    38 ||    87

Table legend: (Time is in decaauts)
 A = Elapsed time spent in this place.
 B = Non-inter-level travel time spent in this place.
 C = Inter-level travel time spent in this place.
 D = Time resting spent in this place.
 E = Time spent auto-exploring this place.
 F = Levels seen in this place.
 G = Mean time per level.
                   A        B        C        D        E       F      G
               +--------+--------+--------+--------+--------+-----+--------+
         Total |   1834 |   1775 |     59 |      0 |   1460 |   3 |  611.3 |
       Dungeon |   1834 |   1775 |     59 |      0 |   1460 |   3 |  611.3 |
               +--------+--------+--------+--------+--------+-----+--------+

Top non-repeatable levels by time:
     D:1: 820 daAuts
     D:2: 787 daAuts
     D:3: 226 daAuts
